 Dungeon Crawl Stone Soup version 0.30-a0-1050-g2766ea1e55 (webtiles) character file.

Game seed: 3779951903500418801

8155 FlurksSlurper the Covered (level 11, -3/84 HPs)
             Began as a Demonspawn Gladiator on Apr 10, 2023.
             Was an Initiate of Gozag.
             Slain by an ogre
             ... wielding a +0 glaive
              (12 damage)
             ... in a bailey.
             The game lasted 00:29:16 (9836 turns).

FlurksSlurper the Covered (Demonspawn Gladiator)    Turns: 9836, Time: 00:29:16

Health: -3/84      AC: 18    Str: 15    XL:     11   Next: 6%
Magic:  19/19      EV:  9    Int: 19    God:    Gozag
Gold:   2682       SH:  0    Dex: 21    Spells: 20/21 levels left

rFire   . . .      SeeInvis .    a - +1 demon whip (venom)
rCold   . . .      Faith    .    (no shield)
rNeg    . . .      Spirit   .    E - +0 plate armour
rPois   .          Reflect  .    b - +0 helmet
rElec   .          Rampage  .    x - +0 cloak
rCorr   .                        Q - +0 pair of gloves
Will    .....                    m - +0 pair of boots Stlth
                                 (no amulet)
HPRegen 0.34/turn                D - +6 ring of intelligence
MPRegen 0.16/turn                j - +6 ring of dexterity

@: gold aura, studying Air Magic
A: sturdy frame 1, demonic magic 3, weakness stinger 1
a: Renounce Religion, Potion Petition, Call Merchant, Bribe Branch


You were in a bailey.
You worshipped Gozag.
Gozag was most pleased with you.
You visited 2 branches of the dungeon, and saw 11 of its levels.
You also visited: Bailey.

You collected 2717 gold pieces.
You paid 35 gold pieces to Gozag.

Inventory:

Hand Weapons
 a - a +1 demon whip of venom (weapon)
 o - a +0 broad axe of electrocution
 V - a +2 flail of protection
Missiles
 c - 3 throwing nets (quivered)
 r - 7 curare-tipped darts
 w - 15 poisoned darts
 S - 3 javelins
Armour
 b - a +0 helmet (worn)
 m - a +0 pair of boots (worn)
 x - a +0 cloak (worn)
 E - a +0 plate armour (worn)
 L - a +1 robe of willpower
 Q - a +0 pair of gloves (worn)
 Z - a +0 kite shield
Jewellery
 e - the amulet of Pyromania {Reflect Fragile Str+5 Int+4 SH+5}
   (You acquired it on level 10 of the Dungeon)

   [amulet of reflection]

   It reflects blocked missile attacks.
   Str:       It affects your strength (+5).
   Int:       It affects your intelligence (+4).
   Fragile:   It will be destroyed if unequipped.
   SH:        It affects your SH (+5).
 j - a +6 ring of dexterity (right hand)
 t - an amulet of regeneration
 D - a +6 ring of intelligence (left hand)
Wands
 q - a wand of flame (5)
 s - a wand of mindburst (10)
 y - a wand of roots (14)
 H - a wand of light (10)
 X - a wand of paralysis (3)
Scrolls
 h - 2 scrolls of vulnerability
 k - a scroll of identify
 n - 4 scrolls of enchant armour
 u - 2 scrolls of teleportation
 v - a scroll of summoning {unknown}
 z - 2 scrolls of blinking {unknown}
 A - 2 scrolls of poison {unknown}
 G - a scroll of enchant weapon {unknown}
 J - a scroll of immolation {unknown}
 K - a scroll of noise {unknown}
 P - 3 scrolls of fog {unknown}
 W - a scroll of silence
Potions
 d - 15 potions of curing
 f - a potion of haste
 g - a potion of attraction {unknown}
 p - a potion of mutation {unknown}
 B - 2 potions of ambrosia
 C - 3 potions of cancellation
 I - a potion of berserk rage {unknown}
 M - 4 potions of brilliance {unknown}
 N - a potion of flight {unknown}
 O - a potion of heal wounds
 U - a potion of lignification {unknown}
Miscellaneous
 T - a piece from Xom's chessboard (15/15)


   Skills:
 + Level 7.0 Fighting
 + Level 6.3 Short Blades
 * Level 3.7 Maces & Flails
 + Level 2.4 Throwing
 + Level 7.3 Armour
 + Level 5.7 Dodging
 + Level 3.5 Stealth
 + Level 4.0 Unarmed Combat
 + Level 5.7 Spellcasting
 + Level 3.2 Hexes
 * Level 1.3 Air Magic
 + Level 0.7 Evocations


You had 20 spell levels left.
You knew the following spells:

 Your Spells              Type           Power      Damage    Failure   Level
a - Slow                  Hex            68%        N/A       54%         1

Your spell library contained the following spells:

 Spells                   Type           Power      Damage    Failure   Level
 Confusing Touch          Hex            17%        N/A       89%         3
 Tukima's Dance           Hex            17%        N/A       89%         3
 Portal Projectile        Hex/Tloc       22%        N/A       98%         3
 Vhi's Electric Charge    Tloc/Air       14%        N/A       99%         3
 Vampiric Draining        Necr           5%         2d6       100%        3
 Arcjolt                  Conj/Air       3%         1d13      100%        5
 Blade Hands              Tmut           2%         N/A       100%        5
 Plasma Beam              Fire/Air       3%         2x1d15    100%        6


Dungeon Overview and Level Annotations

Branches:
Dungeon (10/15)            Temple (1/1) D:4          Bailey (1/1)
   Lair: D:8-11         Orc: D:9-12

Altars:
Ashenzari
Cheibriados
Dithmenos
Fedhas
Gozag
Hepliaklqana
Kikubaaqudgha
Makhleb
Nemelex Xobeh
Okawaru
Qazlal
Sif Muna
Trog
Uskayaw
Wu Jian
Xom
Yredelemnul

Shops:
D:7 =

Annotations:
Temple 2 transporters


Innate Abilities, Weirdness & Mutations

Your movements are slightly less encumbered by armour. (ER -2)
Spells you cast and wands you use may paralyse nearby enemies.
You have a small tail.


Message History

You tail-slap the ogre, but do no damage.
The ogre hits you with a +0 halberd!
You whack the ogre!
The ogre looks as sick as possible!
The ogre is almost dead.
The ogre barely misses you. The ogre hits you with a +0 halberd!
Unknown command.
You whack the ogre!
You kill the ogre!
The ogre hits you with a +0 halberd!
* * * LOW HITPOINT WARNING * * *
Unknown command.
You whack the ogre!
The ogre is moderately wounded.
The ogre hits you with a +0 glaive!
* * * LOW HITPOINT WARNING * * *
You completely miss the ogre.
The ogre is moderately wounded.
The ogre completely misses you. The ogre closely misses you.
Unknown command.
You feel much better. The ogre hits you with a +0 halberd!
* * * LOW HITPOINT WARNING * * *
You hit the ogre.
The ogre is poisoned.
You tail-slap the ogre.
The ogre is severely wounded.
The ogre hits you but does no damage.
You hit the ogre.
The ogre is poisoned.
You tail-slap the ogre, but do no damage.
The ogre is lightly wounded.
The ogre hits you with a +0 halberd.
* * * LOW HITPOINT WARNING * * *
The ogre hits you with a +0 glaive!
* * * LOW HITPOINT WARNING * * *
You hit the ogre.
The ogre is moderately wounded.
The ogre hits you but does no damage.
Unknown command.
You hit the ogre but do no damage.
The ogre looks as sick as possible!
The ogre is moderately wounded.
The ogre hits you with a +0 glaive!
You die...
Your body crumbles into a pile of gold.

#..~~~......#
#..~)~......#
#..~~)......#
♣..~~~.)∩...#
##..###.....##
##..## #.....#
##..## ##...##
.#####♣#..##
##.##
......O@$##
### #.....O.##
#########


You could see 2 ogres.

Vanquished Creatures
  2 two-headed ogres
  Amaemon (D:8)
  Pikel (D:6)
  An orange demon (D:8)
  An unseen horror (D:6)
  A troll (D:9)
  A hornet (D:9)
  A spriggan (Bailey)
  A shadow (D:10)
  Sigmund (D:2)
  3 wyverns
  A water moccasin (D:7)
  2 orc warriors
  3 ice beasts
  4 ogres (Bailey)
  A centaur (D:8)
  2 phantoms
  Blork the orc (D:6)
  2 kobold brigands (D:7)
  6 bullfrogs
  8 scorpions
  2 gnoll sergeants
  9 wights (D:9)
  2 howler monkeys
  2 jellies (D:6)
  Crazy Yiuf (D:3)
  A gnoll bouda (D:7)
  8 orc priests
  7 hounds
  5 orc wizards
  3 sleepcaps
  An iguana (D:5)
  Robin (D:3)
  21 gnolls
  15 adders
  A shadow imp (D:6)
  A white imp (D:5)
  A worm (D:4)
  2 dart slugs
  24 orcs
  7 endoplasms
  5 giant cockroaches
  11 hobgoblins
  6 jackals
  7 quokkas
  9 ball pythons
  4 bats
  A frilled lizard (D:2)
  15 goblins
  15 kobolds
  5 rats
236 creatures vanquished.

Vanquished Creatures (others)
  18 plants (D:3)
18 creatures vanquished.

Grand Total: 254 creatures vanquished

Notes
Turn   | Place    | Note
-------+----------+-------------------------------------------
     0 | D:1      | FlurksSlurper the Demonspawn Gladiator began the quest for
                  | the Orb.
     0 | D:1      | Reached XP level 1. HP: 16/16 MP: 1/1
   147 | D:1      | Gained mutation: Spells you cast may paralyse adjacent
                  | enemies. [demonic ancestry]
   147 | D:1      | Reached XP level 2. HP: 20/22 MP: 2/2
   501 | D:1      | Reached XP level 3. HP: 25/28 MP: 3/3
   951 | D:2      | Noticed Sigmund
  1388 | D:2      | Gained mutation: Your movements are slightly less
                  | encumbered by armour. (ER -2) [demonic ancestry]
  1388 | D:2      | Reached XP level 4. HP: 27/34 MP: 4/4
  1698 | D:3      | Found a runed translucent door.
  1699 | D:3      | Noticed Crazy Yiuf
  1807 | D:3      | Noticed Robin
  1825 | D:3      | Killed Robin
  1826 | D:3      | Reached skill level 1 in Armour
  2137 | D:3      | Reached skill level 1 in Spellcasting
  2137 | D:3      | Gained mutation: You have a small tail. [demonic ancestry]
  2137 | D:3      | Reached XP level 5. HP: 28/40 MP: 6/6
  2186 | D:3      | Found a hazy altar of Hepliaklqana.
  2451 | D:3      | Killed Crazy Yiuf
  2452 | D:3      | Reached skill level 1 in Short Blades
  2933 | D:2      | Killed Sigmund
  2934 | D:2      | Reached skill level 1 in Stealth
  2934 | D:2      | Gained mutation: Spells you cast may paralyse nearby
                  | enemies. [demonic ancestry]
  2934 | D:2      | Reached XP level 6. HP: 47/47 MP: 8/8
  3196 | D:4      | Reached XP level 7. HP: 52/52 MP: 10/10
  3625 | D:4      | Found a staircase to the Ecumenical Temple.
  3738 | Temple   | Entered the Ecumenical Temple
  3738 | Temple   | Found a transporter.
  3738 | Temple   | Found a transporter.
  3740 | Temple   | Found a transporter.
  3740 | Temple   | Found a transporter.
  3758 | Temple   | Became a worshipper of Gozag Ym Sagoz the Greedy
  3951 | D:5      | Entered Level 5 of the Dungeon
  4424 | D:5      | Reached XP level 8. HP: 51/60 MP: 12/12
  4987 | D:6      | Found a sparkling altar of Nemelex Xobeh.
  5012 | D:6      | Reached skill level 5 in Dodging
  5111 | D:6      | Noticed Pikel
  5130 | D:6      | Killed Pikel
  5231 | D:6      | Reached skill level 5 in Fighting
  5265 | D:6      | Reached XP level 9. HP: 54/68 MP: 15/15
  5375 | D:6      | Noticed Blork the orc
  5407 | D:6      | Killed Blork the orc
  5408 | D:6      | Reached skill level 5 in Short Blades
  5749 | D:6      | Noticed a two-headed ogre
  6124 | D:7      | Reached skill level 5 in Spellcasting
  6242 | D:7      | Reached skill level 5 in Armour
  6419 | D:7      | Found an iron altar of Okawaru.
  6781 | D:7      | Found Egodarchaa's Jewellery Shop.
  6908 | D:6      | Killed an unseen horror
  6913 | D:6      | Killed a two-headed ogre
  6914 | D:6      | Reached XP level 10. HP: 14/76 MP: 16/18
  7630 | D:8      | Learned a level 1 spell: Slow
  7689 | D:8      | Noticed an orange demon
  7710 | D:8      | Killed an orange demon
  7753 | D:8      | Reached skill level 1 in Hexes
  8054 | D:8      | Noticed Amaemon
  8076 | D:8      | Killed Amaemon
  8443 | D:9      | Noticed a two-headed ogre
  8456 | D:9      | Killed a two-headed ogre
  8457 | D:9      | Reached skill level 1 in Maces & Flails
  9395 | D:10     | Entered Level 10 of the Dungeon
  9408 | D:10     | Identified 3 scrolls of acquirement
  9408 | D:10     | Acquired 1196 gold pieces
  9410 | D:10     | Acquired the amulet of Pyromania {Reflect Fragile Str+5
                  | Int+4 SH+5}
  9412 | D:10     | Acquired a manual of Air Magic
  9491 | D:10     | Found a flagged portal.
  9504 | Bailey   | Entered a bailey
  9644 | Bailey   | Gained mutation: Spells you cast and wands you use may
                  | paralyse nearby enemies. [demonic ancestry]
  9644 | Bailey   | Reached XP level 11. HP: 63/84 MP: 19/19
  9775 | Bailey   | Reached skill level 1 in Air Magic
  9836 | Bailey   | Slain by an ogre

Illustrated notes

Levels and vault maps discovered:
D:1:      enne_arrival_octagon_isle, layout_rooms
D:2:      layout_basic, uniq_sigmund
D:3:      layout_loops_ring, nicolae_hepliaklqana_hazy_memory,
          minmay_misc_feat_alley, minmay_checkerbox, uniq_crazy_yiuf_cottage,
          uniq_robin
D:4:      layout_basic, minmay_temple_entry_proselytizer, nicolae_half_adder
D:5:      layout_loops_ring
D:6:      minmay_cornered_nines, layout_loops_cross,
          mainiacjoe_overflow_two_lobes, uniq_blork_the_orc, uniq_pikel
D:7:      layout_basic, hellmonk_okawaru_the_only_friend_you_need, serial_shops,
          nicolae_shop_stone
D:8:      layout_basic, minmay_puff, uniq_amaemon
D:9:      layout_gridville, minivault_22
D:10:     layout_roguey, mainiacjoe_overflow_tiny_flanked, enter_bailey_3
Temple:   hellmonk_temple_divided_pantheon
Bailey:   bailey_polearm_enchanted_keep_hellmonk, bailey

Skill      XL: |  1  2  3  4  5  6  7  8  9 10 11 |
---------------+----------------------------------+-----
Unarmed Combat | 3 4 |  4.0
Dodging        | 3 4 5 |  5.7
Armour         | 1 3 6 7 |  7.3
Spellcasting   | 1 2 3 4 5 |  5.7
Short Blades   | 1 2 4 5 6 |  6.3
Fighting       | 3 5 7 |  7.0
Stealth        | 1 2 3 |  3.5
Throwing       | 2 |  2.4
Hexes          | 3 |  3.2
Maces & Flails | 3 |  3.7
Air Magic      | 1 |  1.3
Evocations     | |  0.7

Action                     |  1- 3 |  4- 6 |  7- 9 | 10-12 || total
---------------------------+-------+-------+-------+-------++-------
  Melee: Unarmed           |   183 |    22 |       |       ||   205
         Punch             |     5 |     9 |    13 |    12 ||    39
         Dagger            |       |   138 |   470 |   170 ||   778
         Tailslap          |       |    14 |    91 |    64 ||   169
         Demon whip        |       |       |       |   155 ||   155
  Throw: Javelin           |     1 |       |     3 |       ||     4
         Dart              |       |     2 |    15 |    11 ||    28
         Throwing net      |       |     1 |       |       ||     1
  Evoke: Wand              |       |     1 |     8 |     4 ||    13
    Use: Potion            |     3 |       |       |     2 ||     5
         Scroll            |     2 |       |     1 |    10 ||    13
   Stab: Sleeping          |       |     1 |       |       ||     1
         Held in net/web   |       |     1 |       |       ||     1
         Distracted        |       |       |     1 |       ||     1
         Paralysed         |       |       |       |     4 ||     4
 Armour: Leather armour    |    73 |    46 |    31 |       ||   150
         Plate armour      |       |       |   249 |   203 ||   452
  Dodge: Dodged            |   142 |   129 |   188 |   134 ||   593

Table legend: (Time is in decaauts)
 A = Elapsed time spent in this place.
 B = Non-inter-level travel time spent in this place.
 C = Inter-level travel time spent in this place.
 D = Time resting spent in this place.
 E = Time spent auto-exploring this place.
 F = Levels seen in this place.
 G = Mean time per level.
                   A        B        C        D        E       F      G
               +--------+--------+--------+--------+--------+-----+--------+
         Total |   9655 |   8915 |    740 |    610 |   5694 |  12 |  804.6 |
       Dungeon |   9284 |   8545 |    739 |    486 |   5535 |  10 |  928.4 |
        Temple |     37 |     37 |      0 |      0 |      5 |   1 |   37.0 |
        Bailey |    332 |    332 |      0 |    124 |    154 |   1 |  332.0 |
               +--------+--------+--------+--------+--------+-----+--------+

Top non-repeatable levels by time:
     D:2: 1240 daAuts
     D:9: 1182 daAuts
     D:6: 1154 daAuts
     D:8: 1104 daAuts
     D:7: 1045 daAuts
     D:3: 924 daAuts
     D:4: 904 daAuts
     D:5: 830 daAuts
     D:1: 789 daAuts
  Bailey: 332 daAuts
    D:10: 109 daAuts
  Temple: 37 daAuts
